 Dungeon Crawl Stone Soup version 0.22-a0-542-gce4f928 (webtiles) character file.

39577 kr3s1m1r the Eclecticist (level 13, -5/72 HPs)
             Began as a Deep Elf Air Elementalist on June 24, 2018.
             Was a High Priest of Sif Muna.
             Slain by a komodo dragon (21 damage)
             ... on level 6 of the Lair of Beasts.
             The game lasted 01:11:03 (25954 turns).

kr3s1m1r the Eclecticist (DEAE)                    Turns: 25954, Time: 01:11:04

Health: -5/72      AC:  5    Str:  7    XL:     13   Next: 70%
Magic:  0/36       EV: 12    Int: 33    God:    Sif Muna [*****.]
Gold:   982        SH:  8    Dex: 13    Spells: 0/47 levels left

rFire    + + +     SeeInvis .   a - +1 hand axe of Fedhas {freeze, rF+++ Str+2 Int+4 Dex-2}
rCold    . . .     Gourm    .   e - +3 buckler
rNeg     . . .     Faith    .   q - +0 leather armour
rPois    +         Spirit   .   (no helmet)
rElec    .         Reflect  .   E - +0 cloak
rCorr    .         Harm     .   m - +0 pair of gloves
MR       +....                  (no boots)
Stlth    ++........             (no amulet)
HPRegen  0.22/turn              C - ring of poison resistance
MPRegen  0.25/turn              p - +3 ring of intelligence

@: swift (expiring), no casting, quick
A: no striking features
a: Stop Divine Energy, Channel Magic, Forget Spell, Renounce Religion


You were on level 6 of the Lair of Beasts.
You worshipped Sif Muna.
Sif Muna was extremely pleased with you.
You were hungry.

You visited 3 branches of the dungeon, and saw 16 of its levels.
You also visited: Ossuary.

You collected 1142 gold pieces.
You spent 160 gold pieces at shops.

Inventory:

Hand Weapons
 a - the +1 hand axe of Fedhas (weapon) {freeze, rF+++ Str+2 Int+4 Dex-2}
   (You found it on level 9 of the Dungeon)

   It has been specially enchanted to freeze those struck by it, causing extra
   injury to most foes and up to half again as much damage against particularly
   susceptible opponents.
   It can also slow down cold-blooded creatures.
   It affects your strength (+2).
   It affects your intelligence (+4).
   It affects your dexterity (-2).
   It renders you almost immune to fire.
 D - the +4 dagger of Qouses {flame, rElec}
   (You found it on level 2 of the Lair of Beasts)

   It has been specially enchanted to burn those struck by it, causing extra
   injury to most foes and up to half again as much damage against particularly
   susceptible opponents.
   It insulates you from electricity.
 S - the +9 short sword "Hudem" {pierce, Dex+6}
   (You found it on level 6 of the Lair of Beasts)

   It inflicts extra damage upon your enemies.
   It affects your dexterity (+6).
Missiles
 P - 6 javelins (quivered)
Armour
 e - a +3 buckler (worn)
 m - a +0 pair of gloves (worn)
 q - a +0 leather armour (worn)
 A - a +0 robe
 E - a +0 cloak (worn)
Magical Staves
 J - an uncursed staff of earth
Jewellery
 p - a +3 ring of intelligence (right hand)
 w - an uncursed ring of positive energy
 C - a ring of poison resistance (left hand)
 O - an uncursed ring of loudness
Wands
 y - a wand of flame (52)
 F - a wand of enslavement (22)
 G - a wand of digging (19)
 I - a wand of disintegration (31)
 N - a wand of acid (9)
 Q - a wand of paralysis (5)
 R - a wand of iceblast (9)
Scrolls
 b - 5 scrolls of identify
 h - 9 scrolls of remove curse
 i - 8 scrolls of teleportation
 n - 5 scrolls of blinking
 r - 2 scrolls of enchant armour
 u - 2 scrolls of amnesia
 v - a scroll of enchant weapon
 K - 6 scrolls of magic mapping
 L - 3 scrolls of fog
Potions
 d - 2 potions of ambrosia
 f - 3 potions of flight
 g - 7 potions of curing
 j - 4 potions of might
 k - 4 potions of mutation {unknown}
 l - 2 potions of agility
 o - 3 potions of invisibility
 s - a potion of brilliance
 t - 3 potions of berserk rage
 x - a potion of resistance {unknown}
 z - a potion of cancellation
 B - a potion of lignification
 H - 2 potions of heal wounds
 M - a potion of haste {unknown}
Comestibles
 c - 34 rations


   Skills:
 * Level 4.9 Fighting
 + Level 0.2 Axes
 - Level 2.4 Dodging
 - Level 2.4 Stealth
 - Level 4.0 Shields
 + Level 17.7 Spellcasting
 * Level 9.3 Conjurations
 - Level 0.8 Hexes
 - Level 5.0 Ice Magic
 * Level 13.4 Air Magic
 * Level 6.3 Invocations


You couldn't memorise any spells.
You knew the following spells:

 Your Spells              Type           Power        Failure   Level  Hunger
a - Iskenderun's Mystic   Conj           ######..     1%          4    None
b - Conjure Ball Lightni  Conj/Air       #######...   2%          6    None
g - Confuse               Hex            ####....     4%          3    None
h - Fulminant Prism       Conj/Hex       ######....   2%          4    None
i - Lightning Bolt        Conj/Air       #######...   1%          5    None
j - Iskenderun's Battles  Conj/Chrm      ######..     8%          5    None
o - Summon Ice Beast      Ice/Summ       #####...     7%          4    None
r - Freezing Cloud        Conj/Ice/Air   ######....   7%          6    None
t - Static Discharge      Conj/Air       #######.     1%          3    None
u - Airstrike             Air            #######...   1%          4    None
w - Swiftness             Chrm/Air       ######..     1%          2    None
z - Shock                 Conj/Air       ####         1%          1    None

Your spell library contained the following spells:

 Spells                   Type           Power        Failure   Level  Hunger
 Magic Dart               Conj           ####         1%          1    None
 Conjure Flame            Conj/Fire      ######..     1%          3    None
 Throw Frost              Conj/Ice       ######       1%          2    None
 Tukima's Dance           Hex            ####....     4%          3    None
 Death Channel            Necr           ####......   96%         6    None
 Confusing Touch          Hex            ####..       1%          1    None
 Call Canine Familiar     Summ           ####....     6%          3    None
 Ensorcelled Hibernation  Hex/Ice        #####.       1%          2    None
 Metabolic Englaciation   Hex/Ice        #####.....   16%         5    None
 Summon Butterflies       Summ           ####....     1%          1    None
 Corona                   Hex            ####...      1%          1    None
 Chain Lightning          Conj/Air       #######...   77%         8    #####..
 Petrify                  Tmut/Erth      ####....     19%         4    None
 Summon Hydra             Summ           ####......   100%        7    ###....
 Dazzling Spray           Conj/Hex       ######       1%          3    None
 Force Lance              Conj/Tloc      ######..     2%          4    None
 Searing Ray              Conj           ######       1%          2    None
 Summon Mana Viper        Hex/Summ       ####....     41%         5    None
 Irradiate                Conj/Tmut      ######....   8%          5    None
 Gell's Gravitas          Tloc           ####......   6%          3    None
 Yara's Violent Unravell  Hex/Tmut       ####......   41%         5    None


Dungeon Overview and Level Annotations

Branches:
Dungeon (9/15)             Temple (1/1) D:5            Lair (6/6) D:9
  Swamp (0/4) Lair:3        Snake (0/4) Lair:4        Slime (0/5) Lair:5
    Orc: D:9-12

Altars:
Ashenzari
Cheibriados
Dithmenos
Elyvilon
Fedhas
Gozag
Hepliaklqana
Kikubaaqudgha
Makhleb
Nemelex Xobeh
Okawaru
Qazlal
Ru
Sif Muna
Trog
Uskayaw
Vehumet
Wu Jian
Xom
Yredelemnul
Zin
The Shining One
Jiyva

Shops:
D:5 %   D:8 ?   D:9 *

Annotations:
Lair:5 exclusion: 3 downstairs


Message History

The air twists around and strikes the komodo dragon!
The komodo dragon is moderately wounded.
* * * LOW MAGIC WARNING * * *
The komodo dragon bites you!!
* * * LOW HITPOINT WARNING * * *
Unknown command.
You feel much better.
You start to feel a little slower.
Casting: Airstrike (safe; 1% risk of failure)
Confirm with . or Enter, or press ? or * to list all spells.
Aiming: Freezing Cloud (safe; 7% risk of failure)
Press: ? - help, Dir - move target cursor, p - komodo dragon That beam is likely to hit you.
Continue anyway?
* * * LOW MAGIC WARNING * * *
Sif Muna grants you divine energy.
You briefly lose access to your magic!
You are engulfed in freezing vapours.
* * * LOW HITPOINT WARNING * * *
The komodo dragon is engulfed in freezing vapours.
The komodo dragon bites you!!
You die...

##P#.# #...#.# ####
#...### ###....###..#
.....#.######...........#
.....##.##..#...........##
........†................#
...#..#.##...............#
#.#.######..............##
##### #...............#
###..§§@.......##
##P§§l.....P.##
###§§.....P..#
##....#P.##### #P...P####
##....#### ###.....##.##
PP...........#
...........#.###


You could see a komodo dragon.

Vanquished Creatures
  A two-headed ogre (D:9)
  7 death yaks
  A necromancer (Lair:3)
  4 oklob plants (Lair:5)
  5 black mambas
  15 elephants
  A torpor snail (Lair:6)
  7 spiny frogs
  5 rime drakes
  9 komodo dragons
  A polar bear (Lair:5)
  22 blink frogs
  5 dream sheep (Lair:5)
  7 hippogriffs
  Sigmund (D:5)
  9 spriggans
  4 wyverns
  14 yaks
  3 basilisks
  A steam dragon (Lair:3)
  A hungry ghost (D:7)
  Menkaure (D:7)
  11 water moccasins
  8 orc warriors
  9 porcupines
  2 phantoms (D:9)
  4 ice beasts
  3 sky beasts
  2 centaurs
  7 wolves
  7 ogres
  9 crocodiles
  2 elf zombies (Ossuary)
  11 bullfrogs
  A wyvern zombie (D:7)
  6 scorpions
  3 howler monkeys
  An electric eel (Lair:5)
  5 crimson imps
  A bullfrog zombie (D:5)
  A centaur zombie (Ossuary)
  4 jellies
  2 centaur skeletons (D:6)
  13 hounds
  5 orc priests
  Crazy Yiuf (D:6)
  2 iguanas
  7 orc wizards
  3 polar bear simulacra (Lair:3)
  4 worker ants
  4 yak simulacra (Lair:3)
  3 wolf simulacra (Lair:3)
  3 big kobold zombies (Ossuary)
  A hound skeleton (D:4)
  3 mummies
  A worker ant zombie (D:7)
  3 gnolls (D:5)
  7 adders
  A shadow imp (D:9)
  6 oozes
  An adder skeleton (D:7)
  An adder zombie (Ossuary)
  A worm (D:3)
  8 leopard geckos
  49 orcs
  A ball python (D:6)
  14 bats
  A bat zombie (D:5)
  6 giant cockroaches
  9 goblins
  4 hobgoblins
  7 jackals
  9 kobolds
  2 quokkas
  2 frilled lizards
  10 hobgoblin zombies (Ossuary)
  11 kobold zombies (Ossuary)
  A leopard gecko skeleton (D:6)
  2 leopard gecko zombies
  8 orc zombies (Ossuary)
  3 rats
  A rat zombie (Ossuary)
  A river rat simulacrum (Lair:3)
  A spectral orc (D:4)
  12 fungi
  8 plants
463 creatures vanquished.

Vanquished Creatures (others)
  2 ball lightnings (Lair:6)
  An ice beast (D:7)
  A necrophage (D:7)
  A bat zombie (D:5)
  10 fulminant prisms
  15 fungi
  7 plants
37 creatures vanquished.

Grand Total: 500 creatures vanquished

Notes
Turn   | Place    | Note
-------+----------+-------------------------------------------
     0 | D:1      | kr3s1m1r the Deep Elf Air Elementalist began the quest for the Orb.
     0 | D:1      | Reached XP level 1. HP: 10/10 MP: 6/6
   155 | D:1      | Reached XP level 2. HP: 15/15 MP: 2/8
   523 | D:1      | Learned a level 2 spell: Swiftness
   917 | D:2      | Reached XP level 3. HP: 19/19 MP: 5/10
  1156 | D:2      | Learned a level 3 spell: Static Discharge
  1325 | D:2      | Reached skill level 4 in Spellcasting
  2014 | D:2      | Reached XP level 4. HP: 24/24 MP: 9/12
  2041 | D:2      | Learned a level 4 spell: Airstrike
  2463 | D:3      | Found a white marble altar of Elyvilon.
  2563 | D:3      | Reached skill level 1 in Shields
  2570 | D:3      | Reached XP level 5. HP: 28/28 MP: 2/14
  2895 | D:3      | Reached skill level 5 in Spellcasting
  3317 | D:4      | Noticed a centaur
  3322 | D:4      | Killed a centaur
  3406 | D:4      | Reached XP level 6. HP: 32/32 MP: 14/16
  3474 | D:4      | Noticed a hippogriff
  3495 | D:4      | Killed a hippogriff
  3495 | D:4      | Reached skill level 6 in Spellcasting
  3635 | D:4      | Reached skill level 5 in Air Magic
  3635 | D:4      | Reached XP level 7. HP: 23/36 MP: 7/19
  3895 | D:4      | Found a burning altar of Makhleb.
  4033 | D:4      | Found a basalt altar of Yredelemnul.
  4119 | D:5      | Entered Level 5 of the Dungeon
  4167 | D:5      | Found a sand-covered staircase.
  4182 | Ossuary  | Entered an ossuary
  4305 | Ossuary  | Reached skill level 7 in Spellcasting
  5095 | Ossuary  | Learned a level 4 spell: Iskenderun's Mystic Blast
  5124 | D:5      | Found a staircase to the Ecumenical Temple.
  5133 | Temple   | Entered the Ecumenical Temple
  5315 | Temple   | Became a worshipper of Sif Muna the Loreminder
  5520 | D:5      | Found a sacrificial altar of Ru.
  5532 | D:5      | Found Meacoc's Food Shop.
  5588 | D:5      | Reached skill level 8 in Spellcasting
  5693 | D:5      | Reached XP level 8. HP: 31/41 MP: 0/22
  5843 | D:5      | Noticed Sigmund
  5848 | D:5      | Killed Sigmund
  6050 | D:5      | Reached skill level 9 in Spellcasting
  6427 | D:5      | Found an ancient bone altar of Kikubaaqudgha.
  6469 | D:6      | Reached * piety under Sif Muna
  6591 | D:6      | Found an iron altar of Okawaru.
  6692 | D:6      | Found a sacrificial altar of Ru.
  6945 | D:6      | Reached skill level 10 in Spellcasting
  7064 | D:6      | Reached XP level 9. HP: 29/45 MP: 1/25
  7521 | D:6      | Reached skill level 5 in Conjurations
  8030 | D:6      | Reached ** piety under Sif Muna
  8167 | D:6      | Found a runed door.
  8171 | D:6      | Noticed Crazy Yiuf
  8173 | D:6      | Killed Crazy Yiuf
  8407 | D:7      | Learned a level 4 spell: Fulminant Prism
  8442 | D:7      | Reached skill level 11 in Spellcasting
  8594 | D:7      | Found a radiant altar of Vehumet.
  9078 | D:7      | Learned a level 5 spell: Lightning Bolt
  9114 | D:7      | Noticed Menkaure
  9118 | D:7      | Killed Menkaure
  9932 | D:8      | Reached skill level 12 in Spellcasting
  9941 | D:8      | Learned a level 3 spell: Gell's Gravitas
 10012 | D:8      | Reached *** piety under Sif Muna
 10200 | D:8      | Reached XP level 10. HP: 50/50 MP: 17/28
 11197 | D:8      | Found Luat's Magic Scroll Shop.
 11204 | D:8      | Bought a scroll of random uselessness for 12 gold pieces
 11204 | D:8      | Bought a scroll of magic mapping for 42 gold pieces
 11636 | D:9      | Found Icaecy's Assorted Antiques.
 11642 | D:9      | Bought 2 sedimented golden potions for 50 gold pieces
 11642 | D:9      | Bought 2 scrolls labeled NUNKAE AFACRYEROT for 56 gold pieces
 11649 | D:9      | Reached **** piety under Sif Muna
 11661 | D:9      | Reached skill level 13 in Spellcasting
 11822 | D:9      | Reached skill level 1 in Invocations
 12060 | D:9      | Found a snail-covered altar of Cheibriados.
 12122 | D:9      | Reached skill level 1 in Fighting
 12257 | D:9      | Got a shimmering hand axe
 12258 | D:9      | Identified the cursed +1 hand axe of Fedhas {freeze, rF+++ Str+2 Int+4 Dex-2} (You found it on level 9 of the Dungeon)
 12296 | D:9      | Noticed a two-headed ogre
 12302 | D:9      | Killed a two-headed ogre
 12764 | D:9      | Reached ***** piety under Sif Muna
 12962 | D:9      | Learned a level 3 spell: Confuse
 13181 | D:9      | Found a staircase to the Lair.
 13329 | Lair:1   | Entered Level 1 of the Lair of Beasts
 13330 | Lair:1   | Noticed a spiny frog
 13331 | Lair:1   | Noticed a spiny frog
 13335 | Lair:1   | Killed a spiny frog
 13338 | Lair:1   | Killed a spiny frog
 13338 | Lair:1   | Identified Sif Muna's Incunabulum of Attacks and Evil Arts (Sif Muna gifted it to you on level 1 of the Lair of Beasts)
 13338 | Lair:1   | Received a gift from Sif Muna
 13338 | Lair:1   | Reached skill level 14 in Spellcasting
 13338 | Lair:1   | Reached skill level 10 in Air Magic
 13338 | Lair:1   | Reached XP level 11. HP: 43/57 MP: 1/31
 13347 | Lair:1   | Learned a level 6 spell: Freezing Cloud
 14374 | Lair:1   | Reached skill level 1 in Ice Magic
 16078 | Lair:1   | Reached skill level 15 in Spellcasting
 16472 | Lair:2   | Got an iridescent dagger
 16475 | Lair:2   | Identified the +4 dagger of Qouses {flame, rElec} (You found it on level 2 of the Lair of Beasts)
 17145 | Lair:2   | Noticed a death yak
 17145 | Lair:2   | Noticed a death yak
 17147 | Lair:2   | Noticed a death yak
 17147 | Lair:2   | Noticed a death yak
 17149 | Lair:2   | Noticed a death yak
 17154 | Lair:2   | Killed a death yak
 17155 | Lair:2   | Killed a death yak
 17155 | Lair:2   | Reached XP level 12. HP: 52/64 MP: 10/33
 17158 | Lair:2   | Killed a death yak
 17165 | Lair:2   | Killed a death yak
 17176 | Lair:2   | Killed a death yak
 18252 | Lair:3   | Received a gift from Sif Muna
 18263 | Lair:2   | Learned a level 4 spell: Summon Ice Beast
 18407 | Lair:3   | Found a staircase to the Swamp.
 18431 | Lair:3   | Reached skill level 16 in Spellcasting
 20975 | Lair:4   | Found a staircase to the Snake Pit.
 21255 | Lair:4   | Reached skill level 5 in Invocations
 22407 | Lair:5   | Reached skill level 17 in Spellcasting
 22407 | Lair:5   | Reached XP level 13. HP: 62/70 MP: 26/36
 22600 | Lair:5   | Found a staircase to the Slime Pits.
 22601 | Lair:5   | Found a viscous altar of Jiyva.
 22649 | Lair:5   | Reached skill level 5 in Ice Magic
 24058 | Lair:6   | Entered Level 6 of the Lair of Beasts
 25193 | Lair:6   | Got an encrusted short sword
 25194 | Lair:6   | Identified the +9 short sword "Hudem" {pierce, Dex+6} (You found it on level 6 of the Lair of Beasts)
 25344 | Lair:6   | Identified Sif Muna's Tome of Battle Magic (Sif Muna gifted it to you on level 6 of the Lair of Beasts)
 25344 | Lair:6   | Received a gift from Sif Muna
 25602 | Lair:6   | Learned a level 6 spell: Conjure Ball Lightning
 25608 | Lair:6   | Learned a level 5 spell: Iskenderun's Battlesphere
 25954 | Lair:6   | Slain by a komodo dragon

Vault maps used:
D:1:      erik_arrival_blinker_ship
D:3:      elyvilon_altar_1, first_ration, bh_walls_and_bars
D:4:      overflow_temple_1_default, yredelemnul_forgotten_temple_becter
D:5:      lemuel_zombie_altar_kikubaaqudgha, minmay_temple_entry_junction_2,
          serial_shops, shop_fountains, basic_altar, gup_ossuary_entry_pyramid,
          hangedman_abyss_or_decor_stabs, uniq_edmund, uniq_sigmund
D:6:      kennysheep_okawaru_gauntlet, nicolae_ru_great_annihilating_truth,
          uniq_crazy_yiuf_cottage
D:7:      nicolae_overflow_crystal_walls, uniq_menkaure
D:8:      serial_shops, nicolae_shop_crystal, special_room,
          hangedman_little_slice_of_home
D:9:      kennysheep_little_box, grunt_lair_entry_orc_guard_hut, serial_shops,
          shop_statue
Temple:   eino_narrow_crystal_temple
Lair:1:   kb_forest_paths, serial_bayou_shore_b
Lair:2:   st_stairs_3, minmay_holes
Lair:3:   swamp_mist, eino_house_with_fridge
Lair:4:   dummy_snake_entry
Lair:5:   slime_altar_1, minivault_24, grunt_forest_large_clearing_hut,
          minmay_lair_oklob_chamber
Lair:6:   minmay_lair_end_enchanted_forest
Ossuary:  ossuary_tomb_1

Skill      XL: |  1  2  3  4  5  6  7  8  9 10 11 12 13 |
---------------+----------------------------------------+-----
Conjurations   | 2 3 4 5 7 8 9 |  9.3
Spellcasting   | 4 5 6 8 10 12 14 15 17 | 17.7
Shields        | 1 2 3 4 |  4.0
Air Magic      | 4 5 6 7 8 10 11 12 13 | 13.4
Invocations    | 2 4 5 6 |  6.3
Fighting       | 1 3 4 |  4.9
Ice Magic      | 3 4 5 |  5.0
Axes           | |  0.2
Dodging        | |  2.4
Stealth        | |  2.4
Hexes          | |  0.8

Action                   |  1- 3 |  4- 6 |  7- 9 | 10-12 | 13-15 || total
-------------------------+-------+-------+-------+-------+-------++-------
Melee: Mace              |       |     3 |    60 |     1 |       ||    64
       Dagger            |       |       |     6 |       |       ||     6
       Hand axe          |       |       |       |     9 |       ||     9
 Cast: Shock             |    79 |    62 |   133 |    92 |     5 ||   371
       Static Discharge  |     1 |     2 |     8 |     6 |       ||    17
       Airstrike         |       |     4 |    84 |   182 |    64 ||   334
       Swiftness         |       |     1 |     1 |     1 |     2 ||     5
       Iskenderun's Myst |       |       |     5 |     2 |       ||     7
       Fulminant Prism   |       |       |     9 |     1 |       ||    10
       Lightning Bolt    |       |       |     8 |    50 |     2 ||    60
       Confuse           |       |       |       |     3 |       ||     3
       Freezing Cloud    |       |       |       |    64 |    45 ||   109
       Summon Ice Beast  |       |       |       |     1 |     2 ||     3
       Iskenderun's Batt |       |       |       |       |     2 ||     2
       Conjure Ball Ligh |       |       |       |       |     1 ||     1
Invok: Divine Energy     |       |       |     1 |       |       ||     1
       Channel Magic     |       |       |       |     3 |     2 ||     5
  Use: Scroll            |     7 |       |     6 |     9 |     2 ||    24
       Potion            |       |       |     1 |     1 |     1 ||     3
 Stab: Sleeping          |       |       |       |     1 |       ||     1
  Eat: Chunk             |     3 |     5 |    16 |    34 |     6 ||    64
       Ration            |       |       |     2 |     3 |     1 ||     6
Armor: Robe              |     3 |       |       |       |       ||     3
       Leather armour    |     1 |     7 |    22 |     9 |    15 ||    54
Dodge: Dodged            |    11 |     5 |    37 |    31 |    42 ||   126
Block: Buckler           |     7 |     3 |    41 |    28 |    28 ||   107

Table legend:
 A = Spawn XP
 B = Non-spawn XP
 C = Spawn XP percentage of total XP
 D = Spawn monster count
 E = Non-spawn monster count
 F = Spawn count percentage of total count
 G = Total turns spent on level
                    A         B        C        D         E        F      G
               +---------+---------+-------+---------+---------+-------+---------
         Total |       0 |   56539 |   0.0 |       0 |     445 |   0.0 | 25954
               +---------+---------+-------+---------+---------+-------+---------
           D:1 |       0 |      29 |   0.0 |       0 |      16 |   0.0 |   913
           D:2 |       0 |      82 |   0.0 |       0 |      23 |   0.0 |  1217
           D:3 |       0 |     135 |   0.0 |       0 |      25 |   0.0 |  1187
           D:4 |       0 |     523 |   0.0 |       0 |       9 |   0.0 |   802
           D:5 |       0 |     810 |   0.0 |       0 |      19 |   0.0 |  1220
           D:6 |       0 |    1593 |   0.0 |       0 |      35 |   0.0 |  1945
           D:7 |       0 |    1281 |   0.0 |       0 |      24 |   0.0 |  1510
           D:8 |       0 |    2081 |   0.0 |       0 |      55 |   0.0 |  1727
           D:9 |       0 |    4233 |   0.0 |       0 |      38 |   0.0 |  2344
        Lair:1 |       0 |    7080 |   0.0 |       0 |      33 |   0.0 |  2272
        Lair:2 |       0 |    6889 |   0.0 |       0 |      17 |   0.0 |  2113
        Lair:3 |       0 |    6988 |   0.0 |       0 |      32 |   0.0 |  2483
        Lair:4 |       0 |    4716 |   0.0 |       0 |      20 |   0.0 |  1661
        Lair:5 |       0 |   10062 |   0.0 |       0 |      31 |   0.0 |  2359
        Lair:6 |       0 |    9646 |   0.0 |       0 |      29 |   0.0 |  1086
       Ossuary |       0 |     391 |   0.0 |       0 |      39 |   0.0 |   924
               +---------+---------+-------+---------+---------+-------+---------
